AoeStats
← AIDOS

Nomad

509825524Analyzed
2v2 RM · 3d ago on Sep 28, 2026· 36m 0s· 4 players
Game mode
Random Map
Map size
176×176
Population
200
Speed
Normal
Resources
Standard
Victory
Conquest
Starting age
Dark Age
Ending age
Imperial Age
RankedLock teamsTeams togetherTeam positionsShared explorationLock speedFull tech treeHidden civsTurbo modeCheats
Victory
Defeat
🇹🇼 Varangians · Taiwan
975
+14
🇹🇼 Danes · Taiwan
965
+14
🇺🇸 Celts · United States
949
-15
🇦🇺 Cumans · Australia
905
-37
Khan Noonien Smith
6:13 Loom
17:24 Feudal Age
17:52 Town Watch
18:05 Fishing Lines
18:21 Double-Bit Axe
19:44 Gold Mining
20:38 Stone Mining
24:54 Castle Age
22:54 Horse Collar
22:38 Man-at-Arms
24:05 Arson
26:06 Bow Saw
25:19 Pikeman
25:24 Long Swordsman
26:05 Gillnets
27:18 Gold Shaft Mining
26:55 Town Patrol
28:11 Stronghold
31:56 Medium Warships
32:52 Scale Mail Armor
33:02 Forging
32:43 Fletching
34:25 Bodkin Arrow
37:52 Imperial Age
36:08 Forging
AIDOS
13:39 Feudal Age
19:33 Wheelbarrow
18:45 Loom
23:56 Double-Bit Axe
30:56 Man-at-Arms
31:22 Arson
33:55 Castle Age
34:25 Scale Mail Armor
34:39 Forging
33:57 Long Swordsman
king517670
12:28 Loom
15:35 Feudal Age
16:35 Fishing Lines
20:15 Castle Age
18:03 Double-Bit Axe
19:24 Wheelbarrow
20:17 Stone Mining
24:45 Imperial Age
22:22 Gillnets
23:23 Bow Saw
23:20 Gold Mining
27:43 Murder Holes
28:46 Hand Cart
29:18 Conscription
28:24 Elite Jarl
29:44 Stone Shaft Mining
30:33 Town Watch
33:22 Vendel Legacy
34:54 Forging
34:49 Scale Barding Armor
34:49 Husbandry
35:00 Bloodlines
戳戳吸毒包
5:25 Loom
14:07 Feudal Age
15:04 Double-Bit Axe
15:14 Fishing Lines
18:07 Forging
17:59 Scale Mail Armor
20:48 Castle Age
22:25 Wheelbarrow
21:46 Fletching
21:55 Gold Mining
22:14 Gillnets
22:58 Bow Saw
25:00 Gold Shaft Mining
25:17 Iron Casting
24:59 Chain Mail Armor
25:49 Stone Mining
28:18 Bodkin Arrow
28:32 Squires
28:18 Arson
31:16 Stone Shaft Mining
30:44 Hamask
32:37 Hand Cart
Connection lost

Rejoining the realm…

Still unreachable

The connection could not be restored.

Session expired

The server has moved on; the page needs a fresh start.